 Dungeon Crawl Stone Soup version 0.21.1-1-g345015fe64 (webtiles) character file.

442 Peloso the Slasher (level 6, 0/48 HPs)
             Began as a Demonspawn Fighter on June 20, 2018.
             Succumbed to an adder's poison
             ... on level 4 of the Dungeon.
             The game lasted 00:07:09 (2836 turns).

Peloso the Slasher (Demonspawn Fighter)             Turns: 2836, Time: 00:07:09

Health: 0/48       AC:  7    Str: 18    XL:     6   Next: 71%
Magic:  6/6        EV: 10    Int: 10    God:
Gold:   208        SH:  9    Dex: 12    Spells: 5/5 levels left

rFire    . . .     SeeInvis .   a - +0 long sword
rCold    . . .     Gourm    .   c - +0 shield
rNeg     . . .     Faith    .   b - +0 scale mail
rPois    .         Spirit   .   (helmet restricted)
rElec    .         Reflect  .   (no cloak)
rCorr    .         Harm     .   (no gloves)
MR       .....                  (no boots)
Stlth    ..........             (no amulet)
HPRegen  0.16/turn              (no ring)
MPRegen  0.10/turn              (no ring)

@: lethally poisoned (0 -> -11), flying
A: horns 1, repulsion field 2
a: no special abilities


You were on level 4 of the Dungeon.
You were hungry.

You visited 1 branch of the dungeon, and saw 4 of its levels.

You collected 208 gold pieces.

Inventory:

Hand Weapons
 a - a +0 long sword (weapon)
Armour
 b - a +0 scale mail (worn)
 c - a +0 shield (worn)
Scrolls
 d - a scroll of enchant armour {unknown}
 e - 2 scrolls of remove curse {unknown}
 g - 5 scrolls of identify {unknown}
 h - a scroll of teleportation {unknown}
 i - a scroll of immolation {unknown}
 j - 2 scrolls of random uselessness {unknown}
 k - a scroll of magic mapping {unknown}
 o - a scroll of fog {unknown}
 p - a scroll of fear {unknown}
Potions
 l - a potion of flight
 m - a potion of curing {unknown}
 n - 2 potions of brilliance {unknown}
Comestibles
 f - 4 rations


   Skills:
 + Level 3.7 Fighting
 + Level 4.6 Long Blades
 + Level 3.8 Armour
 + Level 1.2 Dodging
 + Level 0.1 Stealth
 + Level 3.7 Shields


You had 5 spell levels left.
You didn't know any spells.

Dungeon Overview and Level Annotations

Branches:
Dungeon (4/15)
 Temple: D:4-7

Altars:
Elyvilon
Fedhas
Kikubaaqudgha


Innate Abilities, Weirdness & Mutations

You have a pair of small horns on your head.
You are surrounded by a moderate repulsion field. (EV +3)


Message History

The adder bites you.
* * * LOW HITPOINT WARNING * * *
You are more poisoned.
The adder poisons you!
Unknown command.
Your shield and scale mail prevent you from hitting the adder.
The adder is severely wounded.
* * * LOW HITPOINT WARNING * * *
You feel sick. The adder bites you but does no damage. The scorpion misses you.
Unknown command.
You barely miss the adder. Your headbutt misses the adder.
The adder is severely wounded.
* * * LOW HITPOINT WARNING * * *
You feel sick. You block the adder's attack. The scorpion barely misses you.
The adder closely misses you.
Unknown command.
It was a potion of flight.
You feel very buoyant.
You fly up into the air.
You die...

#.........# #..
#.........#
#..#####'#######
..............#
.............#
.............#
#.##..####...#
#..##.##..####'###
......S@.........#
......s..........#
....!............#
.................#
.................#
.................#
##################


You could see a scorpion and an adder.

Vanquished Creatures
  The ghost of Gedi the Shield-Bearer, an amateur MiFi (D:3)
  The ghost of Lokiki the Covered, an amateur DsFi (D:4)
  2 orc priests (D:3)
  A jelly (D:3)
  An iguana (D:4)
  7 adders
  An ooze (D:2)
  5 worms
  A dart slug (D:2)
  6 leopard geckos
  3 orcs (D:3)
  A bat zombie (D:3)
  3 giant cockroaches (D:2)
  3 hobgoblins
  3 jackals (D:2)
  A quokka (D:3)
  9 bats
  A frilled lizard (D:1)
  9 goblins
  8 kobolds
  6 rats
  A rat zombie (D:3)
74 creatures vanquished.

Vanquished Creatures (others)
  A quokka (D:3)
1 creature vanquished.

Grand Total: 75 creatures vanquished

Notes
Turn   | Place    | Note
-------+----------+-------------------------------------------
     0 | D:1      | Peloso the Demonspawn Fighter began the quest for the Orb.
     0 | D:1      | Reached XP level 1. HP: 18/18 MP: 1/1
   436 | D:1      | Gained mutation: You have a pair of small horns on your head. [demonic ancestry]
   436 | D:1      | Reached XP level 2. HP: 24/24 MP: 2/2
   565 | D:2      | Reached skill level 2 in Long Blades
   581 | D:2      | Gained mutation: You are surrounded by a mild repulsion field. (EV +2) [demonic ancestry]
   581 | D:2      | Reached XP level 3. HP: 11/29 MP: 3/3
   912 | D:2      | Gained mutation: You are surrounded by a moderate repulsion field. (EV +3) [demonic ancestry]
   912 | D:2      | Reached XP level 4. HP: 16/35 MP: 4/4
   915 | D:2      | Found an ancient bone altar of Kikubaaqudgha.
  1336 | D:3      | Reached skill level 3 in Long Blades
  1643 | D:3      | Reached XP level 5. HP: 33/41 MP: 5/5
  2194 | D:3      | Noticed Gedi's ghost (amateur MiFi)
  2206 | D:3      | Killed Gedi's ghost
  2206 | D:3      | Reached skill level 4 in Long Blades
  2206 | D:3      | Reached skill level 1 in Dodging
  2206 | D:3      | Reached XP level 6. HP: 23/47 MP: 6/6
  2207 | D:3      | Found a white marble altar of Elyvilon.
  2413 | D:3      | Found an ancient bone altar of Kikubaaqudgha.
  2687 | D:4      | Found a blossoming altar of Fedhas.
  2752 | D:4      | Noticed Lokiki's ghost (amateur DsFi)
  2765 | D:4      | Killed Lokiki's ghost
  2835 | D:4      | HP: 1/48 [poisoned by an adder]
  2836 | D:4      | Succumbed to an adder's poison

Skill      XL: |  1  2  3  4  5 |
---------------+----------------+-----
Armour         | 3 |  3.8
Long Blades    | 2 3 4 |  4.6
Shields        | 3 |  3.7
Dodging        | 1 |  1.2
Fighting       | |  3.7
Stealth        | |  0.1

Action                   |  1- 3 |  4- 6 || total
-------------------------+-------+-------++-------
Melee: Long sword        |    91 |   159 ||   250
       Headbutt          |    16 |    26 ||    42
  Use: Potion            |     1 |     5 ||     6
  Eat: Chunk             |       |     6 ||     6
Armor: Scale mail        |    46 |    54 ||   100
Dodge: Dodged            |    39 |    73 ||   112
Block: Shield            |    52 |    93 ||   145
       Rpst.: Long sword |    14 |    18 ||    32
